Map: Fear and Faith LE

Players

liquidclem (Clem) - Winner!

  • Race: Terran Terran
  • League: Grandmaster
  • Spawn Location: 1:00

ShoWTimE

  • Race: Protoss Protoss
  • Spawn Location: 7:00

Event: HomeStory Cup XXIX

VOD

Have the link to the VOD?

Description

Time

  • Played on: July 3, 2026, 2:57 p.m.
  • Length: 8:28

All games in this series

Show
View Real Time Build Order
Export as new Build Order

liquidclem Terran - Winner!

Build Orders:  

Get SALT Encoding   

  8  0:00  SCV  
  9  0:12  SCV  
  10  0:24  SCV  
  10  0:28  Supply Depot  
  11  0:36  SCV  
  12  0:48  SCV  
  13  0:53  Barracks  
  13  1:01  SCV  
  14  1:04  Refinery  
  14  1:13  SCV  
  15  1:25  SCV  
  16  1:40  Marine, Orbital Command  
  17  2:01  Barracks Reactor  
  18  2:10  Command Center  
  18  2:13  SCV  
  18  2:25  SCV  
  18  2:28  Supply Depot  
  19  2:35  Factory  
  19  2:38  SCV  
  19  2:41  Marine  
  21  2:49  Marine  
  21  2:50  SCV  
  23  2:54  Refinery  
  23  3:00  Marine  
  23  3:02  SCV  
  25  3:07  Marine  
  26  3:16  SCV  
  29  3:20  Widow Mine, Starport  
  29  3:27  Orbital Command  
  29  3:30  SCV  
  29  3:31  Marine  
  29  3:33  Marine  
  32  3:41  Widow Mine  
  32  3:42  SCV  
  35  3:49  Supply Depot  
  35  3:52  SCV  
  35  3:54  SCV  
  37  3:57  Medivac  
  37  4:00  Marine  
  37  4:01  Marine  
  41  4:05  SCV, Factory Tech Lab  
  42  4:10  Supply Depot, SCV  
  44  4:17  SCV  
  44  4:21  Marine x2  
  44  4:22  SCV  
  47  4:29  SCV  
  48  4:32  Barracks  
  48  4:34  Raven  
  48  4:36  SCV  
  48  4:37  Factory Tech Lab, Supply Depot  
  51  4:39  Marine x2  
  51  4:44  SCV  
  54  4:47  Refinery  
  54  4:48  SCV  
  55  4:57  Supply Depot  
  55  4:58  SCV  
  56  5:00  Barracks, SCV  
  56  5:03  Marine x2  
  59  5:08  Engineering Bay  
  59  5:11  SCV  
  59  5:13  SCV  
  57  5:23  SCV  
  57  5:24  Marine x2, Supply Depot  
  57  5:25  SCV  
  57  5:27  Starport Reactor  
  57  5:28  Stimpack  
  61  5:29  Marine  
  61  5:34  Factory Reactor  
  61  5:35  Terran Infantry Weapons Level 1, SCV  
  62  5:37  SCV  
  62  5:41  Refinery  
  64  5:44  Marine x2  
  64  5:47  SCV  
  64  5:48  Supply Depot  
  67  5:51  Marauder  
  67  5:52  SCV  
  67  5:54  Combat Shield  
  67  5:56  Marauder  
  72  6:00  SCV  
  73  6:04  SCV  
  73  6:05  Marine x2  
  73  6:10  Supply Depot  
  76  6:12  SCV  
  76  6:16  Factory Reactor  
  76  6:18  Medivac x2  
  81  6:19  Marauder  
  81  6:20  SCV  
  81  6:22  Supply Depot  
  81  6:23  Marine x2  
  86  6:26  Marauder  
  88  6:37  Supply Depot  
  88  6:40  Marauder  
  88  6:41  Marine x2  
  91  6:47  Marauder  
  91  6:48  Medivac x2  
  91  6:52  Supply Depot  
  97  6:57  Widow Mine x2  
  97  6:59  Marine x2  
  102  7:02  Marauder  
  102  7:05  Supply Depot  
  104  7:09  Marauder  
  106  7:16  Supply Depot  
  106  7:17  Marine x2  
  106  7:19  Widow Mine x2  
  106  7:22  Medivac  
  111  7:23  Marauder  
  64  7:30  Medivac, Marauder  
  114  7:37  Marine x2  
  114  7:48  Marine  
  110  7:51  Widow Mine  
  110  7:52  Marauder  
  110  7:54  Widow Mine  
  110  7:56  Marine  
  99  8:06  Marauder  
  99  8:07  Marine  
Show
View Real Time Build Order
Export as new Build Order

ShoWTimE Protoss 

Build Orders: Phoenix Opening, Blink Stalkers 

Get SALT Encoding   

  8  0:00  Probe (Chrono Boost)  
  9  0:12  Probe (Chrono Boost)  
  10  0:19  Probe (Chrono Boost)  
  11  0:26  Probe  
  12  0:31  Pylon  
  12  0:38  Probe  
  13  0:51  Probe  
  13  0:53  Gateway  
  14  1:03  Probe (Chrono Boost)  
  15  1:04  Assimilator  
  15  1:13  Probe (Chrono Boost)  
  15  1:17  Probe (Chrono Boost)  
  17  1:29  Probe  
  18  1:41  Probe  
  19  1:47  Nexus  
  19  1:57  Cybernetics Core  
  19  2:00  Probe  
  20  2:07  Pylon  
  20  2:14  Probe  
  21  2:17  Assimilator  
  21  2:26  Probe  
  22  2:31  Stalker (Chrono Boost)  
  22  2:33  Warp Gate  
  24  2:38  Probe  
  26  2:52  Probe (Chrono Boost)  
  26  2:54  Phoenix, Sentry  
  28  2:59  Probe (Chrono Boost)  
  30  3:08  Probe x2 (Chrono Boost)  
  31  3:13  Twilight Council, Probe (Chrono Boost)  
  31  3:15  Probe  
  33  3:21  Stalker  
  33  3:25  Probe  
  33  3:26  Gateway  
  36  3:27  Probe  
  37  3:37  Probe  
  37  3:40  Probe  
  39  3:42  Pylon  
  39  3:46  Blink (Chrono Boost)  
  39  3:49  Probe  
  39  3:52  Probe  
  41  3:56  Phoenix  
  41  4:01  Probe  
  42  4:04  Probe  
  43  4:10  Pylon  
  43  4:13  Probe  
  43  4:14  Stalker x2  
  43  4:16  Probe  
  49  4:26  Probe  
  49  4:28  Nexus  
  49  4:30  Probe  
  51  4:33  Pylon  
  51  4:38  Probe  
  52  4:41  Assimilator  
  52  4:46  Assimilator  
  52  4:48  Stalker x2  
  52  4:51  Probe  
  57  4:55  Robotics Facility  
  57  4:56  Probe  
  58  5:03  Probe  
  58  5:05  Pylon  
  59  5:07  Stalker  
  59  5:13  Probe  
  62  5:16  Probe  
  59  5:21  Stalker  
  59  5:25  Pylon  
  59  5:26  Probe  
  59  5:28  Probe  
  63  5:33  Charge (Chrono Boost)  
  63  5:35  Stalker  
  65  5:41  Probe (Chrono Boost)  
  65  5:42  Probe (Chrono Boost)  
  68  5:45  Probe (Chrono Boost)  
  68  5:51  Robotics Bay, Probe (Chrono Boost)  
  68  5:53  Probe (Chrono Boost)  
  68  5:54  Probe (Chrono Boost)  
  68  5:56  Probe (Chrono Boost)  
  71  5:57  Observer  
  71  6:02  Probe  
  74  6:04  Probe  
  74  6:06  Gateway  
  74  6:07  Gateway  
  74  6:10  Pylon, Probe  
  76  6:14  Probe  
  76  6:15  Observer  
  76  6:17  Probe  
  77  6:22  Stalker x2  
  77  6:23  Probe  
  81  6:26  Pylon  
  81  6:31  Forge  
  81  6:33  Probe  
  81  6:34  Pylon, Probe  
  81  6:38  Sentry  
  85  6:41  Colossus (Chrono Boost)  
  85  6:46  Zealot  
  93  6:48  Pylon  
  93  6:52  Zealot  
  93  6:54  Sentry, Zealot  
  99  7:02  Zealot  
  99  7:03  Shield Battery  
  99  7:08  Zealot  
  103  7:09  Shield Battery, Zealot  
  103  7:13  Zealot  
  107  7:20  Sentry  
  109  7:24  Zealot  
  109  7:29  Pylon  
  111  7:35  Probe  
  111  7:36  Zealot x2  
  104  7:37  Sentry  
  104  7:40  Zealot  
  108  7:45  Shield Battery  
  108  7:51  Zealot  
  98  7:54  Zealot  
  96  7:59  Zealot  
  84  8:07  Zealot  
  84  8:10  Zealot  
Tags
 
Add a new tag
Caveats
  • Supply blocks, unpowered buildings, or Contaminate may cause inaccurate times.
  • Supply counts are checked every 10 seconds.